Map: Orbital Shipyard

Players

LilDicky

  • Race: Terran Terran
  • League: Diamond

Maximus - Winner!

  • Race: Terran Terran
  • League: Diamond

VOD

http://www.twitch.tv/tumescentpie

Description

Time

  • Played on: Dec. 24, 2015, 11:50 p.m.
  • Length: 14:07
Show
View Real Time Build Order
Export as new Build Order

LilDicky Terran 

Build Orders: 1/1/1, Liberator Opening 

Get SALT Encoding   

  12  0:02  SCV  
  13  0:14  SCV  
  14  0:23  Supply Depot  
  14  0:26  SCV  
  15  0:31  Refinery  
  15  0:45  SCV  
  15  0:48  Barracks  
  16  0:57  SCV  
  17  1:09  SCV  
  18  1:21  SCV  
  19  1:35  Orbital Command  
  19  1:37  Marine  
  20  1:40  Supply Depot  
  20  1:44  Factory  
  20  1:45  Refinery  
  20  1:51  Barracks  
  20  1:55  Marine  
  21  2:01  SCV  
  22  2:13  SCV, Marine  
  24  2:25  SCV  
  24  2:28  Starport  
  24  2:29  Factory Tech Lab  
  25  2:30  Marine  
  26  2:37  SCV  
  26  2:40  Supply Depot, Marine  
  28  2:48  Marine  
  28  2:49  SCV  
  30  3:01  Supply Depot, Siege Tank  
  30  3:03  Marine  
  30  3:04  SCV  
  35  3:06  Liberator  
  35  3:15  Marine  
  35  3:19  SCV  
  41  3:31  SCV  
  41  3:32  Supply Depot  
  41  3:42  Marine x2  
  41  3:43  SCV  
  41  3:44  Siege Tank  
  47  3:49  Supply Depot  
  47  3:55  Engineering Bay  
  47  3:56  SCV  
  47  3:59  Marine  
  47  4:00  Marine  
  50  4:16  Viking  
  52  4:23  SCV  
  53  4:24  Missile Turret  
  53  4:29  Supply Depot, Missile Turret  
  53  4:34  Siege Tank  
  56  4:41  SCV  
  53  5:19  Siege Tank  
  53  5:21  Viking  
  55  5:41  SCV  
  52  5:51  Siege Tank  
  55  5:59  SCV  
  55  6:01  Viking  
  47  6:20  Command Center  
  41  6:41  SCV  
  41  6:45  Starport Reactor  
  42  6:49  Siege Tank, Starport  
  42  6:50  Marine  
  42  6:51  Marine  
  47  6:54  Command Center, Missile Turret  
  47  6:55  SCV  
  48  7:07  SCV  
  49  7:08  Marine x2  
  51  7:19  SCV  
  51  7:21  Siege Tank  
  55  7:26  Marine  
  55  7:28  Liberator  
  56  7:31  SCV, Missile Turret  
  56  7:33  Missile Turret, Orbital Command  
  57  7:37  Liberator  
  57  7:43  Marine  
  57  7:44  SCV  
  59  7:46  Starport Tech Lab  
  62  7:56  SCV  
  66  8:10  Orbital Command  
  66  8:15  Refinery  
  66  8:16  SCV x2, Refinery x2  
  66  8:17  Refinery  
  68  8:21  Marine  
  66  8:28  SCV x2  
  68  8:44  Viking  
  68  8:45  Banshee, Viking  
  73  9:01  Marine x2  
  74  9:19  Marine  
  75  9:45  SCV x2  
  59  10:07  Marine x2  
  59  10:12  Viking, Siege Tank  
  59  10:13  SCV, Viking x2  
  59  10:14  SCV x2  
  71  10:25  SCV, Marine x2  
  71  10:26  SCV x2  
  76  10:34  Command Center  
  76  10:36  Sensor Tower  
  76  10:38  SCV x3  
  79  10:42  Viking  
  79  10:43  Marine  
  82  10:50  SCV x3  
  82  10:55  Command Center  
  82  10:56  Siege Tank  
  88  10:58  Viking x2  
  88  11:00  Command Center  
  88  11:02  SCV x3  
  95  11:05  Supply Depot  
  95  11:12  Viking  
  95  11:14  SCV x3  
  95  11:15  Marine  
  101  11:22  Armory  
  101  11:24  Missile Turret  
  101  11:26  SCV x2, Marine  
  101  11:27  Supply Depot  
  101  11:28  Viking  
  101  11:32  Missile Turret  
  106  11:33  Supply Depot  
  106  11:37  Missile Turret  
  106  11:45  Missile Turret  
  106  11:48  Orbital Command  
  106  11:58  Missile Turret  
  106  12:09  Missile Turret  
  106  12:11  Missile Turret  
  106  12:16  Supply Depot, SCV x2  
  106  12:18  SCV  
  109  12:36  Sensor Tower  
  109  12:40  Sensor Tower  
  109  12:43  Supply Depot x2  
  109  12:48  Missile Turret  
  99  12:56  Marine x2  
  101  13:03  Banshee, Viking x2  
  93  13:14  Marine x2  
  82  13:24  Siege Tank  
  70  13:28  Planetary Fortress  
  70  13:33  Viking x2  
  74  13:36  Refinery  
  74  13:47  Marine  
  74  13:48  Marine  
  79  13:49  Starport  
  79  13:52  Starport  
Show
View Real Time Build Order
Export as new Build Order

Maximus Terran - Winner!

Build Orders:  

Get SALT Encoding   

  12  0:01  SCV  
  13  0:13  SCV  
  14  0:18  Supply Depot  
  14  0:25  SCV  
  15  0:40  SCV  
  15  0:42  Refinery  
  16  0:44  Barracks  
  16  0:52  SCV  
  17  1:04  SCV  
  18  1:16  SCV  
  19  1:33  Orbital Command  
  19  1:34  Marine  
  20  1:47  Command Center  
  20  1:54  Factory  
  20  2:03  Supply Depot  
  20  2:05  Marine  
  21  2:10  SCV  
  22  2:17  Refinery  
  23  2:22  SCV  
  23  2:24  Marine  
  24  2:36  SCV  
  25  2:39  Factory Tech Lab, Barracks  
  25  2:50  SCV  
  26  2:52  Marine  
  27  3:01  Orbital Command  
  27  3:03  Siege Tank  
  30  3:14  Starport  
  30  3:22  Engineering Bay  
  30  3:23  SCV  
  31  3:33  SCV  
  32  3:36  SCV  
  32  3:39  Marine  
  34  3:45  SCV  
  35  3:53  Missile Turret, Starport Reactor  
  35  3:56  Siege Tank  
  35  3:57  SCV  
  35  3:59  Missile Turret  
  39  4:07  SCV  
  39  4:08  Missile Turret  
  40  4:20  Missile Turret  
  40  4:21  Missile Turret  
  40  4:24  SCV, Missile Turret  
  40  4:25  Missile Turret  
  41  4:32  SCV  
  41  4:36  SCV  
  43  4:39  Missile Turret  
  43  4:46  SCV  
  43  4:47  Viking  
  43  4:50  SCV  
  46  5:05  Supply Depot  
  46  5:26  Viking  
  45  5:29  Viking  
  45  5:46  Siege Tank  
  44  5:51  Marine x2  
  46  6:00  Barracks  
  46  6:07  Command Center  
  46  6:31  Supply Depot  
  46  6:34  Supply Depot  
  46  6:53  SCV, Viking x2, Siege Tank  
  54  6:55  SCV  
  55  7:03  Refinery  
  55  7:04  Refinery, Marine  
  55  7:05  SCV  
  57  7:14  Marine x2  
  59  7:23  Medivac x2  
  59  7:24  SCV  
  64  7:30  Siege Tank  
  64  7:31  Marine  
  64  7:36  SCV x2  
  68  7:38  Barracks  
  68  7:39  Barracks  
  66  7:53  Viking  
  66  7:56  Viking  
  70  8:00  SCV, Supply Depot  
  70  8:04  SCV  
  72  8:11  Refinery  
  72  8:12  Refinery  
  72  8:13  SCV  
  72  8:14  SCV  
  72  8:15  Siege Tank  
  74  8:41  Viking  
  76  8:50  SCV  
  77  9:02  Siege Tank  
  80  9:04  SCV x2  
  80  9:08  Barracks Tech Lab  
  80  9:09  Barracks Reactor x3, Barracks Tech Lab  
  82  9:11  Terran Infantry Weapons Level 1  
  82  9:13  SCV  
  82  9:14  Engineering Bay  
  82  9:16  SCV  
  84  9:17  SCV  
  83  9:25  SCV  
  83  9:27  Marine  
  83  9:28  Marauder  
  87  9:34  Siege Tank  
  81  10:15  Starport  
  81  10:18  Starport  
  81  10:20  SCV  
  78  10:22  Planetary Fortress  
  78  10:23  Starport Tech Lab  
  78  10:27  Marine  
  78  10:28  Factory, Marine x3  
  81  10:29  Marauder  
  81  10:31  Stimpack  
  81  10:32  Barracks  
  84  10:36  Armory  
  84  10:40  Command Center, Missile Turret  
  84  10:42  Missile Turret  
  84  10:48  Missile Turret x2  
  83  10:53  Raven  
  85  10:59  Starport Reactor  
  85  11:00  Starport Reactor  
  85  11:03  Siege Tank  
  88  11:06  Marauder, Marine x2  
  88  11:08  SCV  
  93  11:27  Liberator  
  93  11:28  Supply Depot, Marine x2  
  93  11:29  SCV x2  
  97  11:34  Supply Depot  
  97  11:36  Medivac  
  97  11:39  Factory Tech Lab  
  99  11:47  Marine x2  
  104  11:55  SCV  
  104  11:56  SCV  
  104  11:57  SCV x2  
  108  12:02  Thor  
  108  12:04  Viking  
  108  12:06  Banshee  
  108  12:07  Viking  
  121  12:11  Viking  
  123  12:21  Siege Tank  
  123  12:22  Marauder, Marine x4  
  130  12:23  Marauder  
  110  13:07  Viking x2  
  110  13:08  Viking x2  
  110  13:12  Viking  
  106  13:27  Siege Tank x2  
  106  13:28  Marine x3  
  106  13:29  Marauder x2, Marine  
  106  13:33  Orbital Command  
  120  13:37  Viking x2  
  127  13:46  Marine  
Tags
 
Add a new tag
Caveats
  • Supply blocks, unpowered buildings, or Contaminate may cause inaccurate times.
  • Supply counts are checked every 10 seconds.